Cogmind - Beta 16 @@@ ROGUE MODE // 2026.01.21 @ 19:57:22 Player: YoKa Result: Destroyed by Y-45 Defender with Beam Rifle Performance ------------- Evolutions (1) 500 Regions Visited (3) 600 Robots Destroyed (51) 255 Value Destroyed (1183) 1183 Prototype IDs (1) 20 Alien Tech Used (0) 0 Bonus (0) 0 TOTAL SCORE: 2558 Bonus ------- None Cogmind --------- Core Integrity 0/400 Matter 300/300 Energy 249/250 System Corruption 1% Temperature Cool (12) Movement Hovering (52) Location -9/Materials Parts ------- > --- POWER (1) -------- Ion Engine > --- PROPULSION (3) --- Improved Hover Unit Improved Hover Unit Improved Hover Unit > --- UTILITY (3) ------ Medium Storage Unit Structural Scanner Transport Network Coupler > --- WEAPON (2) ------- Katana > --- INVENTORY (10) --- Faulty Cooled Ion Engine Cooled Ion Engine VTOL Module Mining Laser Peak State ------------ > --- POWER ------------ Ion Engine > --- PROPULSION ------- Light Treads Light Treads > --- UTILITY ---------- Large Storage Unit Structural Scanner Hacking Suite > --- WEAPON ----------- Improved Assault Rifle Improved Assault Rifle > --- INVENTORY -------- Improved Ion Engine Heavy Assault Rifle Heavy Assault Rifle Grenade Launcher Mining Laser [Rating: 14] Favorites ----------- Power Ion Engine Engine Ion Engine Propulsion Light Treads Treads Light Treads Hover Unit Improved Hover Unit Utility Structural Scanner Device Structural Scanner Storage Large Storage Unit Processor Transport Network Coupler Hackware Hacking Suite Weapon EM Shotgun Energy Gun EM Shotgun Ballistic Gun Assault Rifle Launcher Grenade Launcher Slashing Weapon Katana Build | -11 -10 -10 -9 ------- Run | Yrd Mat Min Mat Slots Evolved 2 | . . . 2 Power . | . . . . Propulsion 1 | . . . 1 Utility 1 | . . . 1 Weapon . | . . . . Parts Attached 30 | 7 8 . 15 Power 4 | 1 1 . 2 Engine 4 | 1 1 . 2 Core . | . . . . Reactor . | . . . . Propulsion 7 | 2 . . 5 Treads 4 | 2 . . 2 Leg . | . . . . Wheel . | . . . . Hover 3 | . . . 3 Flight . | . . . . Utility 8 | 2 3 . 3 Device 1 | . 1 . . Storage 5 | 2 2 . 1 Processor 1 | . . . 1 Hackware 1 | . . . 1 Protection . | . . . . Artifact . | . . . . Weapon 11 | 2 4 . 5 Energy Gun 4 | 1 3 . . Energy Cannon . | . . . . Ballistic Gun 5 | 1 . . 4 Ballistic Cannon . | . . . . Launcher 1 | . 1 . . Special Weapon . | . . . . Impact Weapon . | . . . . Slashing Weapon 1 | . . . 1 Piercing Weapon . | . . . . Special Melee Weapon . | . . . . Unidentified Prototypes 1 | . . . 1 Corrupted Parts 1 | . . . 1 System Corruption 1 | . . . 1 Parts Lost 14 | . 2 . 12 Power 3 | . 1 . 2 Propulsion 4 | . . . 4 Utility 1 | . . . 1 Weapon 6 | . 1 . 5 Highest Loss Streak 3 | . 2 . 3 To Critical Strikes . | . . . . Average Backups 5 | 1 5 6 6 Power . | . . 1 . Propulsion 1 | . . 1 2 Utility . | . 1 1 . Weapon 2 | . 2 3 2 Tool/Special . | . . . . Unused Backups 5 | . 1 . 4 Power 3 | . . . 3 Propulsion 1 | . . . 1 Utility . | . . . . Weapon 1 | . 1 . . Tool/Special . | . . . . Average Slot Usage (%) 90 | . 99 100 76 Engine 12 | . 13 14 10 Treads 22 | . 27 28 15 Hover 1 | . . . 3 Device 12 | . 13 14 11 Storage 13 | . 14 14 11 Processor 3 | . . . 8 Energy Gun 12 | . 20 18 . Ballistic Gun 6 | . 5 . 8 Launcher 3 | . 1 9 2 Slashing Weapon 1 | . . . 4 Peak Build Rating 14 | 7 9 9 14 Average Rating 9 | 5 7 8 10 On Entrance 6 | . 7 9 8 Avg Prop Armor Cover (%) . | . . . . Naked Turns . | . . . . Heaviest Build 34 | 19 32 32 34 Greatest Support 40 | 40 40 40 40 Greatest Overweight (x) 1 | . . . 1 Average Overweight (x) . | . . . . Largest Inventory Capacity 15 | 8 15 15 15 Average Capacity 13 | 7 12 15 14 Most Carried 9 | 4 8 6 9 Average Carried 5 | 1 5 6 6 Final Capacity 15 | 8 15 15 10 Final Carried 6 | 2 6 6 4 Class Distribution -------------------- 77% | Mutant 22% | Scavenger-Mutant Dominant Class ---------------- Mutant | -10/Materials Mutant | -10/Mines Scavenger-Mutant | -9/Materials Resources | -11 -10 -10 -9 ----------- Run | Yrd Mat Min Mat Matter Collected 1098 | 276 219 46 557 Remotely . | . . . . Salvage Created 1613 | 62 554 76 921 Parts 112 | 3 39 7 63 Haulers Intercepted 4 | . 2 . 2 Recyclers Shooed 2 | . 2 . . Parts Field Recycled . | . . . . Retrieved Matter . | . . . . Parts Self-Destructed . | . . . . Prevented . | . . . . Parts Restored . | . . . . Kills | -11 -10 -10 -9 ------- Run | Yrd Mat Min Mat Combat Hostiles Destroyed 39 | . 13 5 21 Melee 4 | . . . 4 Guns 24 | . 4 4 16 AOE 10 | . 8 1 1 Classes Destroyed 11 | 1 6 1 3 Worker 3 | . 1 . 2 Builder 1 | . . . 1 Hauler 4 | . 2 . 2 Recycler 2 | 1 1 . . Operator 1 | . 1 . . Watcher 3 | . 2 . 1 Swarmer 13 | . 6 3 4 Grunt 19 | . 7 . 12 Duelist 2 | . . . 2 Sentry 3 | . . . 3 Assembled 2 | . . 2 . Best Kill Streak 11 | 1 4 3 11 Combat Bots Only 8 | . 3 3 8 Max Kills in Single Turn 3 | 1 3 1 1 Gunslinging . | . . . . Exploded 3 | . 3 1 1 Melee 1 | . . . 1 Uniques/NPCs Destroyed . | . . . . Combat | -11 -10 -10 -9 -------- Run | Yrd Mat Min Mat Hostile Shots Fired 264 | . 54 11 199 Missed 70 | . 12 1 57 Hits 194 | . 42 10 142 Melee 8 | . . . 8 Projectile 186 | . 42 10 134 Critical Strikes 3 | . . . 3 Damage Taken 2525 | 6 648 114 1757 Core 520 | . 111 9 400 Absorbed by Shields . | . . . . Regen/Repaired (Parts) 370 | . 191 . 179 Core Remaining (%) 76 | 100 . 52 . Volleys Fired 137 | 2 54 11 70 Largest 2 | 2 2 2 2 Hottest 90 | 60 90 90 53 Shots Fired 228 | 4 87 16 121 Gun 216 | 4 82 13 117 Cannon . | . . . . Launcher 12 | . 5 3 4 Special . | . . . . Kinetic 144 | 2 25 . 117 Thermal . | . . . . Explosive 12 | . 5 3 4 Electromagnetic 72 | 2 57 13 . Robot Hit Streak 10 | 2 9 6 10 Robot Miss Streak 5 | 1 3 4 5 Penetration Max . | . . . . Secondary Targets 2 | . 1 . 1 Max Gunslinging Chain 1 | . 1 . 1 Shots Hit Robots 163 | 3 60 10 90 Core Hits 76 | 1 30 9 36 Critical Kills . | . . . . Critical Parts Destroyed 2 | . . . 2 Critical Strikes 3 | . . . 3 Destroy 2 | . . . 2 Sever 1 | . . . 1 Melee Attacks 15 | . . . 15 Impact . | . . . . Slashing 15 | . . . 15 Piercing . | . . . . Sneak Attacks . | . . . . Combat Hostiles . | . . . . Follow-up Attacks . | . . . . Damage Inflicted 3539 | 61 1557 197 1724 Guns 2132 | 27 821 79 1205 Cannons . | . . . . Explosions 1044 | 34 727 118 165 Melee 354 | . . . 354 Ramming 9 | . 9 . . Kinetic 1435 | . 230 . 1205 Thermal 333 | 34 299 . . Explosive 616 | . 333 118 165 Electromagnetic 792 | 27 686 79 . Impact . | . . . . Slashing 354 | . . . 354 Piercing . | . . . . Highest Corruption 1 | . . . 1 Average Corruption 1 | . . . 1 Corruption Purged . | . . . . Corruption Blocked . | . . . . Effects 10 | . . . 10 Message Errors 4 | . . . 4 Matter Fused 1 | . . . 1 Heat Flow Errors 1 | . . . 1 Energy Discharges 2 | . . . 2 Parts Rejected 1 | . . . 1 Data Loss (major) 1 | . . . 1 Overload Shots . | . . . . Overflow Damage 29 | . 27 . 2 Projectiles . | . . . . Explosions 28 | . 27 . 1 Melee 1 | . . . 1 Knockbacks . | . . . . Impact . | . . . . Kinetic . | . . . . Secondary . | . . . . Self-Inflicted Damage 205 | 6 177 . 22 Shots 8 | 1 6 . 1 Rammed 3 | . 3 . . Targets Rammed 3 | . 3 . . Kicked . | . . . . Crushed . | . . . . Highest Temperature 138 | 12 138 120 81 Average Temperature 42 | 12 45 43 17 Received Heat Transfer 783 | . 243 . 540 Siege Activations . | . . . . Martial Activations . | . . . . Shielding Activations . | . . . . Robots Disrupted . | . . . . Combat Hostiles . | . . . . Robots Corrupted 1 | . 1 . . Combat Hostiles 1 | . 1 . . Parts Fried 3 | . 3 . . Impact Corruptions . | . . . . Robots Melted . | . . . . Combat Hostiles . | . . . . Parts Melted . | . . . . Heat Transferred 300 | 50 250 . . Parts Sabotaged . | . . . . Parts Stolen . | . . . . Parts Stripped . | . . . . Power Chain Reactions 6 | 1 5 . . Alert | -11 -10 -10 -9 ------- Run | Yrd Mat Min Mat Maximum Alert Level 1 | . 1 . 1 Low Security (%) 90 | 100 98 100 77 Level 1 9 | . 1 . 22 Level 2 . | . . . . Level 3 . | . . . . Level 4 . | . . . . Level 5 . | . . . . High Security . | . . . . Max Security . | . . . . Peak Influence 227 | 5 201 73 227 Initial 3 | . . 3 . Average 92 | . 67 12 151 Influence Increases 1282 | 5 488 82 707 Destroy 0b10 Robot/C 740 | . 260 60 420 Destroy 0b10 Robot/NC 70 | 5 35 . 30 Destroy Leader 164 | . 58 10 96 Successful Hack 26 | . 20 . 6 Disable Machine 90 | . 45 . 45 Destroy Structure 72 | . 55 12 5 Lose Combat Pursuer 120 | . 15 . 105 Influence Decreases 1125 | 5 479 91 550 Entered New Map 6 | . . 6 . Time Decay 979 | 5 459 85 430 Lost Part 140 | . 20 . 120 Squads Dispatched 5 | . 3 . 2 Investigation 4 | . 2 . 2 Extermination . | . . . . Reinforcement 1 | . 1 . . Assault . | . . . . Garrison . | . . . . Intercept . | . . . . Searches Triggered . | . . . . Construction Impeded . | . . . . Haulers Reinforced . | . . . . Active Scanning Responses . | . . . . Cargo Convoy Interrupts . | . . . . Stealth | -11 -10 -10 -9 --------- Run | Yrd Mat Min Mat Distress Signals 4 | . 1 . 3 Communications Jammed . | . . . . Distress Signals . | . . . . Times Spotted 64 | . 21 7 36 Peak Tracking Total 8 | . 3 3 8 Tactical Retreats 5 | . 1 . 4 Traps | -11 -10 -10 -9 ------- Run | Yrd Mat Min Mat Traps Triggered 2 | . 1 . 1 Indirectly . | . . . . Trap Hack Attempts . | . . . . Triggered . | . . . . Disarmed . | . . . . Reprogrammed . | . . . . Reused . | . . . . Traps Extracted . | . . . . Installed . | . . . . Triggered . | . . . . Machines | -11 -10 -10 -9 ---------- Run | Yrd Mat Min Mat Machines Disabled 6 | . 3 . 3 Max in Single Turn 1 | . 1 . 1 Machines Repaired . | . . . . Machines Dismantled . | . . . . Machines Sabotaged . | . . . . Overloaded Fab Kills . | . . . . Hacking | -11 -10 -10 -9 --------- Run | Yrd Mat Min Mat Machines Accessed 7 | . 4 . 3 Terminals 5 | . 3 . 2 Fabricators . | . . . . Repair Stations 2 | . 1 . 1 Recycling Units . | . . . . Scanalyzers . | . . . . Garrison Access . | . . . . Total Hacks 28 | . 15 . 13 Successful 19 | . 11 . 8 Failed 9 | . 4 . 5 Catastrophic 1 | . 1 . . Database Lockouts . | . . . . Manual 12 | . 7 . 5 Terminals 14 | . 9 . 5 Fabricators . | . . . . Repair Stations 14 | . 6 . 8 Recycling Units . | . . . . Scanalyzers . | . . . . Garrison Access . | . . . . Terminal Hacks 4 | . 4 . . Record 1 | . 1 . . Branch Access Points 1 | . 1 . . Terminal Index 1 | . 1 . . Hauler Manifests 1 | . 1 . . Fabricator Hacks . | . . . . Repair Station Hacks 11 | . 5 . 6 Scan Component 6 | . 3 . 3 Repair 5 | . 2 . 3 Recycling Unit Hacks . | . . . . Scanalyzer . | . . . . Garrison Access Hacks . | . . . . Unauthorized Hacks 4 | . 2 . 2 Terminals 4 | . 2 . 2 Botnet 2 | . 1 . 1 Operators 2 | . 1 . 1 Fabricators . | . . . . Repair Stations . | . . . . Recycling Units . | . . . . Scanalyzers . | . . . . Garrison Access . | . . . . Data Cores Recovered . | . . . . Used . | . . . . Hacking Detections 5 | . 2 . 3 Full Trace Events 2 | . 1 . 1 Feedback Events . | . . . . Feedback Blocked . | . . . . Robot Schematics Acquired . | . . . . Robots Built . | . . . . Authchips . | . . . . Time . | . . . . Total Robot Build Rating . | . . . . Part Schematics Acquired . | . . . . Parts Built . | . . . . Authchips . | . . . . Time . | . . . . Total Part Build Rating . | . . . . Part Studies Acquired . | . . . . Parts Repaired 5 | . 2 . 3 Time 130 | . 52 . 78 Parts Recycled . | . . . . Recycled Matter . | . . . . Retrieved Matter . | . . . . Retrieved Components . | . . . . Parts Scanalyzed . | . . . . Part Schematics Acquired . | . . . . Parts Damaged . | . . . . Bothacking | -11 -10 -10 -9 ------------ Run | Yrd Mat Min Mat Used RIF Installer . | . . . . Robots Hacked . | . . . . Non-combat . | . . . . Combat . | . . . . Robot Hacks Applied . | . . . . Relay Couplers Released . | . . . . Fabnet Peak Effective % . | . . . . Robots Rewired . | . . . . Allies Hacked . | . . . . Hacks Repelled . | . . . . Allies | -11 -10 -10 -9 -------- Run | Yrd Mat Min Mat Total Allies . | . . . . Largest Group . | . . . . Highest-Rated Group . | . . . . Highest-Rated Ally . | . . . . Total Orders . | . . . . Ally Attacks . | . . . . Total Damage . | . . . . Kills . | . . . . Allies Corrupted . | . . . . Allies Melted . | . . . . Intel | -11 -10 -10 -9 ------- Run | Yrd Mat Min Mat Active Infowar (turns) 3305 | . 1450 468 1387 Structural 3305 | . 1450 468 1387 T.N.C. 1056 | . . . 1056 Robot Analysis Total . | . . . . Derelict Logs Recovered . | . . . . Drone Launches . | . . . . Drone Recoveries . | . . . . Exploration | -11 -10 -10 -9 ------------- Run | Yrd Mat Min Mat Turns Passed 3453 | 89 1509 468 1387 Spaces Moved 1816 | 50 775 275 716 Core 11 | 11 . . . Treads 1569 | 39 775 275 480 Legs . | . . . . Wheels . | . . . . Hover 236 | . . . 236 Flight . | . . . . Fastest Speed 50 | 50 160 160 52 Average Speed 153 | 135 160 160 145 Slowest Speed 240 | 160 160 160 240 Overloaded Moves . | . . . . Propulsion Burnouts . | . . . . Robots Hopped . | . . . . Potential Cave-ins . | . . . . Cave-ins Triggered . | . . . . Exploration Rate (%) 54 | 4 96 60 58 Regions Visited 3 Branch Regions 1 Pre-discovered Areas 1 | . . 1 . Known Exits Taken 1 | . 1 . . Unknown Exits Taken 2 | 1 . 1 . Scrap Searched . | . . . . Spaces Dug . | . . . . Terrain Destroyed 72 | 2 46 23 1 Melee . | . . . . Projectile . | . . . . AOE 72 | 2 46 23 1 Terrain Rammed . | . . . . Walls Destroyed . | . . . . Machines Disabled . | . . . . Actions | -11 -10 -10 -9 --------- Run | Yrd Mat Min Mat Total 2226 | 67 955 287 917 Wait 168 | . 95 1 72 Move 1813 | 49 774 274 716 Hop . | . . . . Pick Up 42 | 9 13 . 20 Fast Attach . | . . . . Attach 29 | 7 6 . 16 Detach . | . . . . Swap 9 | . 5 1 3 Drop 10 | . 5 . 5 Fire 137 | 2 54 11 70 Melee 15 | . . . 15 Ram . | . . . . Kick . | . . . . Crush 3 | . 3 . . Escape Stasis . | . . . . Rewire . | . . . . Trap . | . . . . Miscellaneous . | . . . . Route ------- -11/Scrapyard -10/Materials (discovered 5 exits: *Mat x3 / *Min / [Sub]) -10/Mines -9/Materials (discovered 3 exits: [*Mat] / [*Min x2]) History --------- Turn | Location | Event 4 | -11/Scrapyard | Discovered new exit (range 15) 90 | -11/Scrapyard | Entered Materials 185 | -10/Materials | Identified exit to Mines 302 | -10/Materials | Build established: Mutant 353 | -10/Materials | Discovered new exit (range 16) 651 | -10/Materials | Discovered new exit (range 14) 1270 | -10/Materials | Discovered new exit (range 8) 1317 | -10/Materials | Repaired Lgt. Treads 1345 | -10/Materials | Repaired Lgt. Treads 1506 | -10/Materials | Discovered new exit (range 4) 1599 | -10/Materials | Entered Mines 1600 | -10/Mines | Assembled infested the area 2014 | -10/Mines | Learned location of Storage (-7) 2051 | -10/Mines | Discovered new exit (range 11) 2067 | -10/Mines | Entered Materials 2067 | -9/Materials | Evolved 2 slots: Propulsion x1, Utility x1 2271 | -9/Materials | Discovered new exit (range 13) 2271 | -9/Materials | Discovered new exit (range 5) 2332 | -9/Materials | Destroyed 8 combat bots 2436 | -9/Materials | Lost 3 parts (1p1n1u) 2543 | -9/Materials | Repaired Lgt. Treads 2569 | -9/Materials | Repaired Lgt. Treads 2603 | -9/Materials | Repaired Lgt. Treads 2830 | -9/Materials | Core integrity fell below 50% 2932 | -9/Materials | Lost 3 parts (1n2w) 3038 | -9/Materials | Build established: Scavenger-Mutant 3281 | -9/Materials | Core integrity fell below 20% 3386 | -9/Materials | Discovered new exit (range 8) 3454 | -9/Materials | Destroyed by Y-45 Defender with Beam Rifle Last Messages --------------- Acquired 15 matter. System corrupted: Heat flow error (+103). System corrupted: Energy discharge (-82). Y-45 Defender Beam Rifle severed. Lgt. Treads destroyed. Imp. Ion Engine destroyed. K-01 Serf collects debris. Destroyed Heat Sink. Y-45 Defender destroyed. Acquired 30 matter. Acquired Med. Storage Unit. Dropped Lrg. Storage Unit. C-30 ARC bursts open, deploying its payload. G-47 Trooper unfolds itself. G-34 Mercenary unfolds itself. EXIT=FOUND K-01 Serf cleans the Atomic Centrifuge. Acquired 20 matter. W-16 Scout destroyed. Acquired Prototype Engine. Map ----- +----------------------------------------------------+ | """ # + # # ##??? | | / # # # ##??? | | / # % # # # ##??? | | ?????? # #####+## # ! # # ##??? | | ?????? # # # # ! # ########+##??? | | ?????? + + # # # ######## ##??? | | ??????##+## """ + / # ######## ##??? | | ?????? # """ # # # ##??? | | ????????? # """ ### ######+###+#+####+########??? | | ????????? # ### # # ##??? | | ????????? ########## + """ # ##??? | | ????????? ########## # """ # ##??? | | ??????????????????## # """ # ##??? | | ??????????????????## # # ##??? | | ??????????????????## ######## ##??? | | ??????????????????##+######## ##??? | | ??????????????????## # [ ##??? | | ??????????????????## """ # ##??? | | ??????????????????## """"" ###################??? | | ??????????????????## """"" ###################??? | | ??????????????????## """"" ##???????????????????? | | ??????????????????## """ ##???????????????????? | | ??????????????????## ##???????????????????? | | ??????????????????## ##???????????????????? | | ??????????????????## k !##?????o?????????????? | | ??????????????????#######@####???????????????????? | | ?????????????????? ##????????a??????????? | | ?????????????????????## ! ???????????????????? | | ?????????????????????## Y ?????????????????? | | ?????????????????????## ?????????????? | | ?????????????????????## ########?????????????? | | ?????????????????????####+####### ?????????????? | | ????????????????????? ???????????????????? | | ?????????????????????????????????????????????????? | | ?????????????????????????????????????????????????? | | ?????????????????????????????????????????????????? | | ?????????????????????????????????????????????????? | | ?????????????????????????????????????????????????? | | ?????????????????????????????????????????????????? | | | | | | | | | | | | | | | | | | | | | | | +----------------------------------------------------+ Best States ------------- Heat Dissipation 28 Energy Generation 12 Energy Capacity 265 Matter Stores 300 Matter Capacity 300 Sight Range 16 Terrain Scan Density 10 Evasion (%) 54 Recoil Reduction 2 Offensive Hacking 10 Item Schematics ----------------- None Robot Schematics ------------------ None Fabricated ------------ Nothing Repaired ---------- Lgt. Treads | 27% | -10/Materials Lgt. Treads | 35% | -10/Materials Lgt. Treads | 55% | -9/Materials Lgt. Treads | 17% | -9/Materials Studied --------- None Alien Tech Used ----------------- None Achievements -------------- None Challenges ------------ None Game ------ Seed ComponentConceptPropulsion Manual? 0 Play Time 00:32:26 Cumulative 10.5 hours Start 2026.01.21 @ 18:40:05 End 2026.01.21 @ 19:57:22 Sessions 1 Manual Loads 0 Difficulty Rogue Special Mode None Game No. 15 Rogue 15 Adventurer 0 Explorer 0 Win Type - Total 0 Types 0/0/0/0/0/0/0/0/0/0 Lore% 12 Gallery% 15 Achievement% 15 Wizard Run 0 Options --------- Layout 2 ASCII 0 Keyboard 0 Movement Mouse Keybinds 0 Fullscreen 1 Font 24/Smallcaps Map View 50x44 Zoom Use 0% Tactical HUD 0 Map Filters NONE Filters NONE Steam 1 RUN: 93f3143a-da59-4647-820b-bb4b68921ca6